 Dungeon Crawl Stone Soup version 0.23.1 (webtiles) character file.

Game seed: 3099966481944331250

2720 Borgoz the Cutter (level 9, 0/74 HPs)
             Began as a Ghoul Monk on Mar 18, 2019.
             Was a Believer of Ashenzari.
             Slain by a killer bee (1 damage)
             ... on level 7 of the Dungeon.
             The game lasted 00:14:40 (6995 turns).

Borgoz the Cutter (Ghoul Monk)                      Turns: 6995, Time: 00:14:41

Health: 0/74       AC:  9    Str: 20      XL:     9   Next: 66%
Magic:  10/11      EV: 20    Int:  4 (5)  God:    Ashenzari [**....]
Gold:   505        SH:  0    Dex: 19      Spells: 7/12 levels left

rFire    + + .     SeeInvis .   a - +0 dagger (venom)
rCold    + . .     Gourm    .   (no shield)
rNeg     + + +     Faith    .   j - +0 ring mail
rPois    ∞         Spirit   .   D - +0 helmet (curse)
rElec    .         Reflect  .   y - +1 cloak {rPois}
rCorr    .         Harm     .   (no gloves)
MR       .....                  (no boots)
Stlth    ++++......             (no amulet)
HPRegen  0.00/turn              g - ring of protection from fire
MPRegen  0.12/turn              u - ring of protection from fire

@: mighty, agile, rotting
A: rotting body, claws 1, carnivore, cold resistance 1, negative energy
resistance 3, inhibited regeneration, torment resistance, unbreathing
a: Curse Item, Scrying, Renounce Religion


You were on level 7 of the Dungeon.
You worshipped Ashenzari.
Ashenzari was pleased with you.
You were not hungry.

You visited 2 branches of the dungeon, and saw 8 of its levels.

You collected 505 gold pieces.

Inventory:

Hand Weapons
 a - a +0 dagger of venom (weapon)
 b - a +0 blowgun
 x - a +3 quarterstaff of chaos
 B - a +2 dagger of pain
 F - a +0 rapier
 K - a +3 dagger
Missiles
 l - 5 curare-tipped needles
 p - 2 javelins (quivered)
 t - 8 tomahawks
 J - 4 tomahawks of returning
Armour
 j - a +0 ring mail (worn)
 y - a +1 cloak of poison resistance (worn)
 D - a cursed +0 helmet (worn)
 M - a +1 leather armour of cold resistance
Jewellery
 g - a ring of protection from fire (left claw)
 u - a ring of protection from fire (right claw)
Wands
 q - a wand of acid (5)
 z - a wand of digging (7)
 A - a wand of polymorph (1)
 G - a wand of flame (10)
Scrolls
 e - 3 scrolls of fog {unknown}
 h - 3 scrolls of remove curse
 k - 2 scrolls of enchant armour {unknown}
 m - 3 scrolls of immolation {unknown}
 n - a scroll of blinking {unknown}
 r - 4 scrolls of magic mapping {unknown}
 s - 2 scrolls of teleportation {unknown}
 v - a scroll of enchant weapon {unknown}
 w - 2 scrolls of amnesia {unknown}
 H - 5 scrolls of identify
Potions
 f - 3 potions of brilliance
 L - a potion of flight {unknown}
Comestibles
 c - 9 rations


   Skills:
 + Level 5.4 Fighting
 * Level 6.0 Short Blades
 * Level 5.2 Armour
 + Level 5.4 Dodging
 + Level 5.2 Stealth
 + Level 2.0 Spellcasting
 + Level 1.8 Conjurations
 + Level 1.4 Translocations
 + Level 1.7 Air Magic
 + Level 2.2 Poison Magic
 + Level 2.1 Evocations


You had 7 spell levels left.
You knew the following spells:

 Your Spells              Type           Power        Failure   Level  Hunger
a - Mephitic Cloud        Conj/Pois/Air  #.......     71%         3    ####...
b - Blink                 Tloc           N/A          54%         2    ###....

Your spell library contained the following spells:

 Spells                   Type           Power        Failure   Level  Hunger
 Magic Dart               Conj           #...         34%         1    ##.....
 Call Imp                 Summ           #.......     75%         2    ###....
 Slow                     Hex            #.......     75%         2    ###....
 Conjure Flame            Conj/Fire      #.......     83%         3    ####...


Dungeon Overview and Level Annotations

Branches:
Dungeon (7/15)             Temple (1/1) D:7

Altars:
Ashenzari
Cheibriados
Dithmenos
Elyvilon
Fedhas
Gozag
Hepliaklqana
Kikubaaqudgha
Makhleb
Qazlal
Ru
Sif Muna
Trog
Uskayaw
Vehumet
Wu Jian
Yredelemnul
The Shining One

Annotations:
D:5 2 transporters, Dennis's ghost, novice OpFi


Innate Abilities, Weirdness & Mutations

Your body is rotting away.
You thrive on raw meat.
You are immune to poison.
You have sharp fingernails.
You are carnivorous and can eat meat at any time.
Your flesh is cold resistant. (rC+)
You are immune to negative energy. (rN+++)
You do not regenerate when monsters are visible.
You are immune to unholy pain and torment.
You can survive without breathing.


Message History

You completely miss the killer bee.
The killer bee is severely wounded.
You kill the killer bee!
You feel your intelligence returning.
Your Spellcasting skill increases to level 2!
You feel very mighty all of a sudden. The killer bee misses you.
The killer bee closely misses you.
You closely miss the killer bee. The killer bee stings you.
* * * LOW HITPOINT WARNING * * *
The killer bee stings you.
* * * LOW HITPOINT WARNING * * *
You closely miss the killer bee. The killer bee misses you.
Okay, then.
It was a potion of agility.
You feel agile all of a sudden. The killer bee closely misses you. x2
You miss the killer bee.
The killer bee stings you but does no damage. x2
You completely miss the killer bee. The killer bee stings you.
You die...

#....# #....'.(# #....#
#...^######.#### #....#
##......#(('...##
#....#
#....#.##.#'.#[)#
##..##
#######.##....#$['.{)y#
#.##
.##.....###...####.##y#
##.#####
.##.######..##.###(#..#
#....... ..#.#
#.###..####.## #.......
....# #.# ##.@yy..#
#.....>. ##.## #.#
####S..# #....### #.#
##.# ###..# ##.#..#
##)######..#
##...#####.....#
..).......##
#..#####.....#.#
##.######## ##.##
#..#>##..# #.#### #..#
##.#.<##.## #....####
##.## ##..#.##..#
####....#
###..####..##.##.##


You could see 2 killer bees and an adder.

Vanquished Creatures
  Pikel (D:4)
  Grinder (D:6)
  Sigmund (D:5)
  2 water moccasins (D:7)
  4 slaves
  2 ice beasts (D:5)
  2 ogres (D:5)
  2 centaurs
  Blork the orc (D:5)
  A scorpion (D:6)
  A water moccasin skeleton (D:5)
  7 killer bees (D:7)
  A bullfrog zombie (D:6)
  A centaur zombie (D:6)
  2 orc priests
  A hound (D:2)
  4 orc wizards
  Crazy Yiuf (D:3)
  3 bullfrog skeletons
  Ijyb (D:5)
  An iguana (D:5)
  2 worker ants
  A hound zombie (D:3)
  3 gnolls (D:5)
  7 adders
  3 shadow imps
  An ooze (D:3)
  An adder zombie (D:3)
  2 adder skeletons (D:3)
  A worm (D:2)
  A dart slug (D:3)
  5 leopard geckos
  20 orcs
  6 bats
  3 giant cockroaches
  10 goblins
  8 hobgoblins
  4 jackals
  2 quokkas
  2 ball pythons (D:1)
  A ball python skeleton (D:3)
  3 frilled lizards
  2 jackal skeletons
  9 kobolds
  2 leopard gecko skeletons
  2 leopard gecko zombies
  A quokka skeleton (D:3)
  A quokka zombie (D:5)
  12 rats
155 creatures vanquished.

Notes
Turn   | Place    | Note
-------+----------+-------------------------------------------
     0 | D:1      | Borgoz the Ghoul Monk began the quest for the Orb.
     0 | D:1      | Reached XP level 1. HP: 19/19 MP: 0/0
   107 | D:1      | Reached XP level 2. HP: 23/26 MP: 1/1
   649 | D:2      | Reached skill level 3 in Short Blades
   709 | D:2      | Reached XP level 3. HP: 14/31 MP: 2/2
   718 | D:2      | Reached skill level 1 in Armour
   744 | D:2      | Found a white marble altar of Elyvilon.
   887 | D:2      | Reached XP level 4. HP: 13/38 MP: 3/3
  1168 | D:2      | Learned a level 3 spell: Mephitic Cloud
  1657 | D:3      | Reached XP level 5. HP: 46/46 MP: 4/4
  1668 | D:3      | Found a glowing golden altar of the Shining One.
  1668 | D:3      | Found a radiant altar of Vehumet.
  1670 | D:3      | Found a basalt altar of Yredelemnul.
  2136 | D:3      | Found an ancient bone altar of Kikubaaqudgha.
  2252 | D:3      | Found a runed translucent door.
  2253 | D:3      | Noticed Crazy Yiuf
  2326 | D:3      | Reached XP level 6. HP: 51/52 MP: 5/5
  2757 | D:3      | Killed Crazy Yiuf
  2862 | D:4      | Noticed a slave
  2862 | D:4      | Noticed a slave
  2862 | D:4      | Noticed a slave
  2863 | D:4      | Noticed Pikel
  2863 | D:4      | Noticed a slave
  2881 | D:4      | Killed a slave
  2882 | D:4      | Killed a slave
  2925 | D:3      | Killed a slave
  3193 | D:4      | Killed a slave
  3221 | D:4      | Killed Pikel
  3221 | D:4      | Reached skill level 4 in Short Blades
  3221 | D:4      | Reached XP level 7. HP: 18/58 MP: 6/6
  4158 | D:5      | Entered Level 5 of the Dungeon
  4238 | D:5      | Reached XP level 8. HP: 67/67 MP: 7/7
  4248 | D:5      | Noticed Ijyb
  4286 | D:5      | Killed Ijyb
  4396 | D:5      | Reached skill level 5 in Short Blades
  4403 | D:5      | Learned a level 2 spell: Blink
  4427 | D:5      | Found a sacrificial altar of Ru.
  4556 | D:5      | Found a transporter.
  4557 | D:5      | Noticed Dennis's ghost (novice OpFi)
  4559 | D:5      | Identified the +9 dire flail "Fiut" {freeze, rC+ rN+ MR+}
  4562 | D:5      | Found a transporter.
  4638 | D:5      | Noticed Blork the orc
  4653 | D:5      | Killed Blork the orc
  4653 | D:5      | Reached skill level 5 in Dodging
  5035 | D:5      | Noticed Sigmund
  5057 | D:5      | Killed Sigmund
  5057 | D:5      | Reached skill level 5 in Fighting
  5057 | D:5      | Reached skill level 1 in Spellcasting
  5057 | D:5      | Reached skill level 1 in Conjurations
  5057 | D:5      | Reached skill level 1 in Air Magic
  5057 | D:5      | Reached skill level 1 in Poison Magic
  5057 | D:5      | Reached skill level 1 in Evocations
  5149 | D:5      | Found an opulent altar of Gozag.
  5393 | D:6      | Reached XP level 9. HP: 69/74 MP: 9/9
  5516 | D:6      | Noticed Grinder
  5530 | D:6      | Paralysed by Grinder for 6 turns
  5535 | D:6      | Killed Grinder
  5801 | D:6      | Reached skill level 1 in Translocations
  6140 | D:6      | Found a blossoming altar of Fedhas.
  6279 | D:7      | Found a staircase to the Ecumenical Temple.
  6307 | Temple   | Entered the Ecumenical Temple
  6363 | Temple   | Became a worshipper of Ashenzari the Shackled
  6363 | Temple   | Reached * piety under Ashenzari
  6363 | Temple   | Reached ** piety under Ashenzari
  6485 | D:7      | Reached skill level 5 in Armour
  6485 | D:7      | Reached skill level 5 in Stealth
  6692 | D:7      | Found a bloodstained altar of Trog.
  6710 | D:7      | Found a burning altar of Makhleb.
  6981 | D:7      | Reached skill level 6 in Short Blades
  6991 | D:7      | HP: 1/74 [killer bee (5)]
  6995 | D:7      | Slain by a killer bee

Skill      XL: |  1  2  3  4  5  6  7  8  9 |
---------------+----------------------------+-----
Dodging        | 3 4 5 |  5.4
Short Blades   | 3 4 5 6 |  6.0
Armour         | 1 2 3 4 5 |  5.2
Stealth        | 3 4 5 |  5.2
Fighting       | 4 5 |  5.4
Spellcasting   | 1 2 |  2.0
Conjurations   | 1 |  1.8
Air Magic      | 1 |  1.7
Poison Magic   | 1 2 |  2.2
Evocations     | 1 2 |  2.1
Translocations | 1 |  1.4

Action                   |  1- 3 |  4- 6 |  7- 9 || total
-------------------------+-------+-------+-------++-------
Melee: Short sword       |   114 |   106 |       ||   220
       Dagger            |       |   193 |   503 ||   696
Evoke: Wand              |       |     3 |       ||     3
  Use: Scroll            |     1 |     2 |       ||     3
       Potion            |       |       |     8 ||     8
 Stab: Sleeping          |     4 |     7 |     8 ||    19
  Eat: Chunk             |    13 |    18 |    25 ||    56
       Ration            |       |     1 |       ||     1
Armor: Robe              |    15 |    17 |       ||    32
       Leather armour    |       |    10 |       ||    10
       Ring mail         |       |    30 |   156 ||   186
Dodge: Dodged            |    71 |   165 |   332 ||   568
